 Dungeon Crawl Stone Soup version 0.23.0 (webtiles) character file.

Game seed: 1472381469653357330

256 Monsterracer the Firebug (level 6, 0/41 HPs)
             Began as a Human Wanderer on Feb 9, 2019.
             Was a Follower of Uskayaw.
             Succumbed to an orc's poison
             ... on level 3 of the Dungeon.
             The game lasted 00:06:02 (4367 turns).

Monsterracer the Firebug (Human Wanderer)           Turns: 4367, Time: 00:06:03

Health: 0/41       AC:  3    Str:  8 (11) XL:     6   Next: 38%
Magic:  0/10       EV: 11    Int: 13 (15) God:    Uskayaw [*.....]
Gold:   175        SH:  0    Dex: 10 (13) Spells: 3/11 levels left

rFire    . . .     SeeInvis .   b - +0 halberd
rCold    . . .     Gourm    .   (shield currently unavailable)
rNeg     . . .     Faith    .   g - +0 robe (curse)
rPois    .         Spirit   +   p - +0 helmet
rElec    .         Reflect  .   j - scarf {Spirit}
rCorr    .         Harm     .   (no gloves)
MR       .....                  (no boots)
Stlth    +.........             (no amulet)
HPRegen  0.13/turn              (no ring)
MPRegen  0.12/turn              (no ring)

@: lethally poisoned (0 -> -10)
A: no striking features
a: Stomp, Renounce Religion


You were on level 3 of the Dungeon.
You worshipped Uskayaw.
Uskayaw was noncommittal.
You were not hungry.

You visited 1 branch of the dungeon, and saw 4 of its levels.

You collected 175 gold pieces.

Inventory:

Hand Weapons
 a - a +0 trident
 b - a +0 halberd (weapon)
Armour
 g - a cursed +0 robe (worn)
 j - a scarf of spirit shield (worn)
 p - a +0 helmet (worn)
Scrolls
 d - a scroll of enchant armour {unknown}
 k - a scroll of fog {unknown}
 n - a scroll of immolation {unknown}
 o - a scroll of fear {unknown}
 q - 3 scrolls of remove curse {unknown}
 t - 2 scrolls of teleportation {!r}
Potions
 e - a potion of invisibility {unknown}
 f - a potion of degeneration
 h - a potion of ambrosia {!q}
 i - 5 potions of haste
 l - a potion of mutation {!q}
 m - a potion of flight
 w - a potion of heal wounds
Comestibles
 c - 7 rations
 r - 2 chunks of flesh


   Skills:
 + Level 0.2 Polearms
 - Level 1.0 Throwing
 - Level 1.0 Stealth
 + Level 3.1 Spellcasting
 * Level 3.9 Conjurations
   Level 3.0 Transmutations
 * Level 4.5 Fire Magic


You had 3 spell levels left.
You knew the following spells:

 Your Spells              Type           Power        Failure   Level  Hunger
a - Flame Tongue          Conj/Fire      ##...        4%          1    #......
b - Conjure Flame         Conj/Fire      ##......     12%         3    ###....
c - Sticky Flame          Conj/Fire      ##......     38%         4    #####..

Your spell library contained the following spells:

 Spells                   Type           Power        Failure   Level  Hunger
 Throw Flame              Conj/Fire      ##....       6%          2    ##.....
 Sting                    Conj/Pois      #...         11%         1    #......
 Sandblast                Erth           #.....       22%         1    #......
 Inner Flame              Hex/Fire       #.......     26%         3    ###....
 Stone Arrow              Conj/Erth      #.....       30%         3    ###....
 Spider Form              Tmut/Pois      #.........   36%         3    ###....
 Fireball                 Conj/Fire      ##........   75%         5    ######.


Dungeon Overview and Level Annotations

Branches:
Dungeon (4/15)             Temple (0/1) D:4

Altars:
Gozag
Uskayaw
The Shining One


Message History

You take 2 damage, and have 16/41 hp.
You now have 4/10 mp.
You closely miss the crimson imp. The crimson imp closely misses you.
The crimson imp hits you.
* * * LOW HITPOINT WARNING * * *
You take 1 damage, and have 15/41 hp.
You now have 3/10 mp.
The orc shouts!
You hit the crimson imp but do no damage.
The crimson imp hits you.
* * * LOW HITPOINT WARNING * * *
You take 3 damage, and have 12/41 hp.
You now have 2/10 mp.
You barely miss the crimson imp.
The crimson imp hits you but does no damage.
An ogre comes into view. It is wielding a +0 giant club.
The crimson imp closely misses you.
Unknown command.
You closely miss the crimson imp.
The ogre shouts!
The crimson imp completely misses you.
Unknown command.
The crimson imp summons a swarm of flies.
The crimson imp blinks!
The crimson imp blinks!
Found 4 gold pieces.
The jackal bites you.
* * * LOW HITPOINT WARNING * * *
The jackal closely misses you.
You take 1 damage, and have 13/41 hp.
Unknown command.
Casting: Conjure Flame (safe; 11% risk of failure)
Confirm with . or Enter, or press ? or * to list all spells.
Aiming: Flame Tongue (safe; 3% risk of failure)
Press: ? - help, Shift-Dir - straight line, f - jackal
Aim: a jackal The flame tongue hits the jackal!
You kill the jackal!
You now have 3/10 mp.
The crimson imp blinks!
The crimson imp lashes its tail.
The crimson imp blinks!
The crimson imp hits you.
* * * LOW HITPOINT WARNING * * *
You take 3 damage, and have 12/41 hp.
You now have 3/10 mp.
The crimson imp blinks!
There is a stone staircase leading up here.
The orc barely misses you.
You climb upwards.
There is a stone staircase leading down here.
Unknown command.
Unknown command.
Unknown command.
Unknown command.
Casting: Flame Tongue (safe; 3% risk of failure)
Confirm with . or Enter, or press ? or * to list all spells.
Aiming: Flame Tongue (safe; 3% risk of failure)
Press: ? - help, Shift-Dir - straight line, f - orc
Aim: an orc, wielding a +2 short sword of venom and wearing a +0 plate armour The flame tongue hits the orc.
The orc is lightly wounded.
The orc hits you with a +2 short sword of venom.
* * * LOW HITPOINT WARNING * * *
You take 1 damage, and have 11/41 hp.
You now have 3/10 mp.
Unknown command.
Casting: Flame Tongue (safe; 3% risk of failure)
Confirm with . or Enter, or press ? or * to list all spells.
Aiming: Flame Tongue (safe; 3% risk of failure)
Press: ? - help, Shift-Dir - straight line, f/p - orc
Aim: an orc, wielding a +2 short sword of venom and wearing a +0 plate armour (lightly wounded)
The flame tongue hits the orc.
The orc is almost dead.
The orc hits you with a +2 short sword of venom.
* * * LOW HITPOINT WARNING * * *
You take 2 damage, and have 9/41 hp.
You now have 2/10 mp.
Casting: Flame Tongue (safe; 3% risk of failure)
Confirm with . or Enter, or press ? or * to list all spells.
Aiming: Flame Tongue (safe; 3% risk of failure)
Press: ? - help, Shift-Dir - straight line, f/p - orc
Aim: an orc, wielding a +2 short sword of venom and wearing a +0 plate armour (almost dead)
The flame tongue hits the orc but does no damage.
The orc is almost dead.
The orc closely misses you.
You now have 1/10 mp.
Casting: Flame Tongue (safe; 3% risk of failure)
Confirm with . or Enter, or press ? or * to list all spells.
Aiming: Flame Tongue (safe; 3% risk of failure)
Press: ? - help, Shift-Dir - straight line, f/p - orc
Aim: an orc, wielding a +2 short sword of venom and wearing a +0 plate armour (almost dead)
The flame tongue misses the orc.
The orc barely misses you.
You now have 0/10 mp.
You hit the orc but do no damage.
The orc is almost dead.
The orc hits you with a +2 short sword of venom.
* * * LOW HITPOINT WARNING * * *
You are lethally poisoned!
The orc hits you with a +2 short sword of venom.
* * * LOW HITPOINT WARNING * * *
You take 8 damage, and have 1/41 hp.
It was a potion of degeneration.
There was something very wrong with that liquid.
You feel weakened.
You feel dopey.
You feel clumsy.
You die...

#######.# ##.#......#####.#.#
........#####...............#.#
........+......<...##.......#.#
........###.#.####.##########.#
......#.##.............# #.#
......#..#..#.#.##.###.# #.#
.....###....#..........# #.#
....##.##...######.##########.##
...##...##.....o@..............#
..##.....##..###.#.#############
.##.......##...#.#.#..........#
##...._....###...#.#.########.#
.##.......##...#.#.#.# #(#
..##.....##....#.#.#.# #.#
...#'...##..####.#.#รท# #.#
....##.##..## #.#.#.# #.#
###..###..######.#.#.########.##


You could see an orc.

Vanquished Creatures
  A hound (D:2)
  A bullfrog skeleton (D:4)
  2 gnolls (D:4)
  Robin (D:3)
  7 adders
  A worm (D:2)
  5 dart slugs
  5 leopard geckos
  2 giant cockroaches
  13 goblins
  11 hobgoblins
  10 jackals
  2 quokkas (D:2)
  2 ball pythons
  11 bats
  3 frilled lizards
  7 kobolds
  6 rats
  A butterfly (D:4)
91 creatures vanquished.

Notes
Turn   | Place    | Note
-------+----------+-------------------------------------------
     0 | D:1      | Monsterracer the Human Wanderer began the quest for the
                  | Orb.
     0 | D:1      | Monsterracer set off with the following items: a ration, a
                  | +0 robe, a +0 dagger; and the following spells available to
                  | memorise: Flame Tongue, Sandblast, Sting, Throw Flame,
                  | Spider Form, Conjure Flame, Inner Flame, Stone Arrow,
                  | Sticky Flame, Fireball
     0 | D:1      | Reached XP level 1. HP: 13/13 MP: 4/4
     2 | D:1      | Learned a level 1 spell: Flame Tongue
   177 | D:1      | Reached XP level 2. HP: 17/19 MP: 1/6
   183 | D:1      | Reached skill level 1 in Conjurations
   597 | D:1      | Reached XP level 3. HP: 23/24 MP: 1/7
   602 | D:1      | Learned a level 3 spell: Conjure Flame
   768 | D:1      | HP: 11/24 [jackal (2)]
   774 | D:1      | HP: 6/24 [goblin/+0 dagger (3)]
   796 | D:1      | HP: 6/24 [rat (1)]
   834 | D:1      | HP: 6/24 [rat (1)]
   853 | D:1      | HP: 3/24 [rat (1)]
  1120 | D:1      | Reached skill level 3 in Fire Magic
  1700 | D:2      | Reached XP level 4. HP: 30/30 MP: 6/8
  1716 | D:2      | HP: 15/30 [poisoned by an adder]
  1722 | D:2      | HP: 14/30 [poisoned by an adder]
  1730 | D:2      | HP: 12/30 [poisoned by an adder]
  1769 | D:2      | Learned a level 4 spell: Sticky Flame
  2118 | D:2      | Found a faded altar of an unknown god.
  2128 | D:2      | Became a worshipper of Uskayaw the Reveler
  2128 | D:2      | Reached * piety under Uskayaw
  2133 | D:2      | Reached ** piety under Uskayaw
  2200 | D:2      | Reached XP level 5. HP: 35/35 MP: 7/9
  2792 | D:2      | Found an opulent altar of Gozag.
  3036 | D:3      | Reached skill level 4 in Fire Magic
  3241 | D:3      | Found a glowing golden altar of the Shining One.
  3746 | D:3      | Noticed Robin
  3752 | D:3      | Killed Robin
  3768 | D:3      | Reached XP level 6. HP: 32/41 MP: 1/10
  4190 | D:4      | Found a staircase to the Ecumenical Temple.
  4309 | D:4      | HP: 20/41 [jackal (2)]
  4326 | D:4      | HP: 18/41 [crimson imp (4)]
  4331 | D:4      | Noticed an ogre
  4346 | D:4      | HP: 13/41 [jackal (1)]
  4357 | D:4      | HP: 12/41 [crimson imp (3)]
  4362 | D:3      | HP: 11/41 [orc/+2 short sword of venom (1)]
  4366 | D:3      | HP: 1/41 [orc/+2 short sword of venom (5)]
  4367 | D:3      | Succumbed to an orc's poison

Skill      XL: |  1  2  3  4  5 |
---------------+----------------+-----
Conjurations   | 1 2 3 |  3.9
Fire Magic     | 3 4 |  4.5
Polearms       | |  0.2
Throwing       | |  1.0
Stealth        | |  1.0
Spellcasting   | |  3.1
Transmutations | |  3.0

Action                   |  1- 3 |  4- 6 || total
-------------------------+-------+-------++-------
Melee: Dagger            |    38 |     5 ||    43
       Spear             |       |    19 ||    19
       Halberd           |       |    22 ||    22
 Cast: Flame Tongue      |    58 |    98 ||   156
       Conjure Flame     |       |     1 ||     1
  Use: Scroll            |       |     6 ||     6
       Potion            |       |     1 ||     1
 Stab: Sleeping          |     1 |       ||     1
  Eat: Chunk             |     3 |     9 ||    12
Armor: Robe              |    12 |    22 ||    34
Dodge: Dodged            |    46 |    59 ||   105

Levels and vault maps discovered:
D:1:      nzn_arrival_depleted_hourglass, layout_basic
D:2:      minmay_inner_zag, layout_basic, marbit_many_paths,
          chequers_ecumenical_altar_simple_redux, minmay_tromino_mix6
D:3:      layout_basic, first_ration, tso_metal_star, uniq_robin
D:4:      lemuel_castle_with_subvaults [lemuel_castle_interior_carwin_1],
          layout_cave_pools, yredelemnul_altar_generic, old_standard_altar,
          minmay_temple_entry_butterflies, cheibrodos_sewer_entry_bend,
          guppyfry_early_orc_mine
